 Dungeon Crawl Stone Soup version 0.21.1-1-g345015f (webtiles) character file.

931 homeworkjunkie the Cleaver (level 8, 0/69 HPs)
             Began as a Hill Orc Fighter on Feb 26, 2018.
             Slain by bmj180's ghost (11 damage)
             ... on level 4 of the Dungeon.
             The game lasted 00:09:47 (3596 turns).

homeworkjunkie the Cleaver (Hill Orc Fighter)       Turns: 3596, Time: 00:09:48

Health: 0/69       AC: 10    Str: 21    XL:     8   Next: 11%
Magic:  0/8        EV: 13    Int:  8    God:
Gold:   232        SH: 10    Dex: 15    Spells: 7/7 levels left

rFire    x . .     SeeInvis .   a - +1 war axe
rCold    + . .     Gourm    .   c - +0 shield
rNeg     . . .     Faith    .   b - +0 scale mail
rPois    .         Spirit   +   (no helmet)
rElec    .         Reflect  .   n - scarf {Spirit}
rCorr    .         Harm     .   j - +2 pair of gloves
MR       .....                  (no boots)
Stlth    +.........             e - amulet of regeneration
HPRegen  0.61/turn              l - ring of ice
MPRegen  0.11/turn              (no ring)

@: agile
A: no striking features
a: no special abilities


You were on level 4 of the Dungeon.
You were not hungry.

You visited 1 branch of the dungeon, and saw 6 of its levels.

You collected 232 gold pieces.

Inventory:

Hand Weapons
 a - a +1 war axe (weapon)
Armour
 b - a +0 scale mail (worn)
 c - a +0 shield (worn)
 j - a +2 pair of gloves (worn)
 n - a scarf of spirit shield (worn)
Jewellery
 e - an amulet of regeneration (around neck)
 l - a ring of ice (left hand)
Scrolls
 d - a scroll of enchant armour
 o - a scroll of immolation
 p - a scroll of enchant weapon
Potions
 f - 2 potions of brilliance
 h - 3 potions of curing
 i - a potion of magic
 k - a potion of lignification {unknown}
Comestibles
 m - 2 rations


   Skills:
 * Level 5.5 Fighting
 * Level 8.2 Axes
 * Level 4.9 Armour
 + Level 1.1 Dodging
 * Level 5.7 Shields


You had 7 spell levels left.
You didn't know any spells.

Dungeon Overview and Level Annotations

Branches:
Dungeon (6/15)
 Temple: D:4-7

Altars:
Nemelex Xobeh
Ru
Xom

Annotations:
D:4 bmj180's ghost, novice MiFi


Message History

Bmj180's ghost hits you!
Your shield and scale mail prevent you from hitting bmj180's ghost.
Bmj180's ghost is heavily damaged.
You block bmj180's ghost's attack.
Bmj180's ghost hits you but does no damage.
You closely miss bmj180's ghost.
Bmj180's ghost is heavily damaged.
Bmj180's ghost says, "You must not succeed where I failed!"
Bmj180's ghost hits you.
You hit bmj180's ghost but do no damage.
Bmj180's ghost is heavily damaged.
Bmj180's ghost hits you!
You closely miss bmj180's ghost.
Bmj180's ghost is heavily damaged.
Bmj180's ghost hits you!
* * * LOW HITPOINT WARNING * * *
You closely miss bmj180's ghost.
Bmj180's ghost is heavily damaged.
Bmj180's ghost hits you!
You die...

#..........#.# ##.#.#....##.##.#
. .###....).......# .. .#
########.##### #. .# #######.#
#.. .####.......# #...######
.##.....##..# #######.........
.##.....##..# ###............<...
..#.....##..# #.@W...............
#.#.....##..###.#................
..#.............######.#.....###.
#####..........## #..... .
####........# #...#. #........#
#...#. #####........# ......
#...........## #.###.......#


You could see bmj180's ghost.

Vanquished Creatures
  Sigmund (D:5)
  Eustachio (D:5)
  A big kobold (D:3)
  A scorpion (D:2)
  A howler monkey (D:5)
  A crimson imp (D:5)
  A jelly (D:5)
  2 orc wizards
  Ijyb (D:4)
  8 gnolls (D:3)
  4 adders
  An adder skeleton (D:5)
  3 worms
  A dart slug (D:1)
  5 leopard geckos
  15 orcs
  A ball python (D:3)
  3 giant cockroaches
  37 goblins
  26 hobgoblins
  11 jackals
  3 quokkas
  13 bats
  5 frilled lizards
  11 kobolds
  9 rats
166 creatures vanquished.

Notes
Turn   | Place    | Note
-------+----------+-------------------------------------------
     0 | D:1      | homeworkjunkie the Hill Orc Fighter began the quest for the Orb.
     0 | D:1      | Reached XP level 1. HP: 19/19 MP: 1/1
    61 | D:1      | Reached XP level 2. HP: 9/27 MP: 2/2
    88 | D:1      | Reached skill level 3 in Axes
   372 | D:2      | Reached XP level 3. HP: 23/33 MP: 3/3
   662 | D:3      | Found a shimmering altar of Xom.
  1022 | D:2      | Reached XP level 4. HP: 40/40 MP: 4/4
  1100 | D:2      | Reached skill level 4 in Axes
  1239 | D:2      | Reached XP level 5. HP: 46/46 MP: 5/5
  2165 | D:3      | Reached skill level 5 in Axes
  2237 | D:3      | Noticed a big kobold
  2253 | D:3      | Killed a big kobold
  2253 | D:3      | Reached XP level 6. HP: 35/53 MP: 6/6
  2415 | D:3      | Reached skill level 6 in Axes
  2610 | D:3      | Found a sacrificial altar of Ru.
  2664 | D:3      | Reached XP level 7. HP: 60/60 MP: 7/7
  2966 | D:4      | Noticed bmj180's ghost (novice MiFi)
  2971 | D:4      | Reached skill level 5 in Shields
  2975 | D:5      | Entered Level 5 of the Dungeon
  3007 | D:5      | Reached skill level 5 in Fighting
  3067 | D:5      | Found a sparkling altar of Nemelex Xobeh.
  3121 | D:5      | Noticed Eustachio
  3158 | D:5      | Killed Eustachio
  3158 | D:5      | Reached skill level 7 in Axes
  3158 | D:5      | Reached skill level 1 in Dodging
  3159 | D:5      | Noticed Sigmund
  3178 | D:5      | Killed Sigmund
  3178 | D:5      | Reached skill level 8 in Axes
  3178 | D:5      | Reached XP level 8. HP: 42/69 MP: 6/8
  3455 | D:4      | Noticed Ijyb
  3461 | D:4      | Paralysed by Ijyb for 7 turns
  3486 | D:4      | Killed Ijyb
  3596 | D:4      | Slain by bmj180's ghost

Skill      XL: |  1  2  3  4  5  6  7 |
---------------+----------------------+-----
Axes           | 3 4 5 6 8 |  8.2
Fighting       | 4 5 |  5.5
Shields        | 4 5 |  5.7
Armour         | 4 |  4.9
Dodging        | 1 |  1.1

Action                   |  1- 3 |  4- 6 |  7- 9 || total
-------------------------+-------+-------+-------++-------
Melee: War axe           |   163 |   251 |    97 ||   511
  Use: Scroll            |     7 |     3 |     3 ||    13
       Potion            |       |       |     3 ||     3
  Eat: Ration            |     1 |     1 |     1 ||     3
Armor: Scale mail        |   105 |   141 |    38 ||   284
Dodge: Dodged            |    78 |    92 |    31 ||   201
Block: Shield            |    99 |   161 |    39 ||   299
